 Dungeon Crawl Stone Soup version 0.29.0-7-g18a832c13a (webtiles) character file.

Game seed: 13435953101573199879

16573 hawla the Destroyer (level 12, 0/103 HPs)
             Began as a Grey Draconian Conjurer on Aug 30, 2022.
             Was an Elder of Vehumet.
             Shot with an arrow by a centaur warrior (13 damage)
             ... on level 10 of the Dungeon.
             The game lasted 00:48:23 (21584 turns).

hawla the Destroyer (Grey Draconian Conjurer)      Turns: 21584, Time: 00:48:23

Health: 0/103      AC: 16    Str: 17    XL:     12   Next: 11%
Magic:  12/21      EV: 13    Int: 23    God:    Vehumet [****..]
Gold:   906        SH:  8    Dex:  9    Spells: 14/24 levels left

rFire   + + .      SeeInvis .   G - +9 staff of Olgreb {rPois∞}
rCold   + . .      Faith    .   t - +0 buckler
rNeg    . . .      Spirit   .   (body armour unavailable)
rPois   ∞          Reflect  .   (helmet restricted)
rElec   +          Harm     .   q - +0 cloak
rCorr   +          Rampage  .   (no gloves)
Will    .....                   v - +1 pair of boots
Stlth   ++........              (no amulet)
HPRegen 0.27/turn               h - +6 ring of strength
MPRegen 0.17/turn               E - +4 ring of slaying

@: resistant, flying
A: AC +13, amphibious, unfitting armour, cold-blooded, big wings, large bone
plates 1, fire resistance 1, robust 1
a: Renounce Religion, Evoke the Staff of Olgreb


You were on level 10 of the Dungeon.
You worshipped Vehumet.
Vehumet was greatly pleased with you.
You visited 2 branches of the dungeon, and saw 13 of its levels.

You collected 906 gold pieces.

Inventory:

Hand Weapons
 o - a +3 scimitar of flaming
 u - a +0 quarterstaff of freezing
 G - the +9 staff of Olgreb (weapon) {rPois∞}
   (You found it on level 7 of the Dungeon)

   If the wielder is skilled in Evocations, they can envenom those struck by it,
   dealing poison damage which bypasses armour.
   It enhances your poison magic.
   It grants immunity to poison.
   It can be activated via the 'a'bility menu to radiate toxic energy, with
   effectiveness depending on Evocations skill.
Missiles
 m - 5 javelins
 p - 29 poisoned darts (quivered)
 C - 5 curare-tipped darts
Armour
 q - a +0 cloak (worn)
 t - a +0 buckler (worn)
 v - a +1 pair of boots (worn)
Magical Staves
 J - a staff of death
Jewellery
 d - an amulet of reflection
 h - a +6 ring of strength (left hand)
 k - a ring of ice
 s - a ring of positive energy
 E - a +4 ring of slaying (right hand)
Wands
 r - a wand of mindburst (25)
 w - a wand of polymorph (14)
 A - a wand of charming (28)
 B - a wand of acid (5)
 D - a wand of digging (4)
 F - a wand of flame (14)
Scrolls
 g - a scroll of noise {unknown}
 i - 3 scrolls of enchant armour
 l - 5 scrolls of fear
 y - a scroll of magic mapping {unknown}
Potions
 a - 3 potions of magic
 b - a potion of brilliance
 c - 3 potions of curing
 e - a potion of cancellation
 f - a potion of invisibility {unknown}
 n - 2 potions of haste
 x - a potion of might
 z - 2 potions of ambrosia {unknown}


   Skills:
 + Level 5.4 Fighting
 + Level 6.2 Staves
 + Level 1.5 Throwing
 + Level 6.4 Dodging
 + Level 4.4 Stealth
 + Level 3.2 Shields
 + Level 6.5 Spellcasting
 + Level 13.1 Conjurations
 + Level 2.5 Necromancy
 + Level 6.0 Translocations
 + Level 2.0 Evocations


You had 14 spell levels left.
You knew the following spells:

 Your Spells              Type           Power      Damage    Failure   Level
a - Magic Dart            Conj           100%       1d8       1%          1
b - Searing Ray           Conj           100%       2d8       1%          2
c - Iskenderun's Mystic   Conj/Tloc      51%        2d11      1%          4
d - Stone Arrow           Conj/Erth      74%        3d11      1%          3

Your spell library contained the following spells:

 Spells                   Type           Power      Damage    Failure   Level
 Iskenderun's Battlesphe  Conj           61%        2d11      1%          5
 Apportation              Tloc           70%        N/A       1%          1
 Dazzling Flash           Conj/Hex       74%        N/A       1%          3
 Mephitic Cloud           Conj/Pois/Air  41%        N/A       1%          3
 Fulminant Prism          Conj/Hex       18%        3d11      1%          4
 Necrotise                Necr           76%        1d7       3%          1
 Ignite Poison            Fire/Tmut/Pois 11%        N/A       9%          3
 Inner Flame              Hex/Fire       7%         N/A       9%          3
 Summon Small Mammal      Summ           28%        N/A       11%         1
 Freezing Cloud           Conj/Ice/Air   13%        6-21      13%         5
 Summon Forest            Summ/Tloc      10%        N/A       65%         5
 Cause Fear               Hex            3%         N/A       71%         4
 Summon Lightning Spire   Summ/Air       7%         N/A       71%         4
 Agony                    Necr           19%        N/A       71%         5
 Silence                  Hex/Air        3%         N/A       96%         5
 Summon Mana Viper        Hex/Summ       7%         N/A       96%         5
 Summon Cactus Giant      Summ           3%         N/A       100%        6
 Storm Form               Tmut/Air       3%         N/A       100%        7
 Discord                  Hex            3%         N/A       100%        8
 Maxwell's Capacitive Co  Air            3%         ∞         100%        8


Dungeon Overview and Level Annotations

Branches:
Dungeon (12/15)            Temple (1/1) D:7             Orc (0/2) D:11
   Lair: D:8-11

Altars:
Ashenzari
Cheibriados
Dithmenos
Elyvilon
Fedhas
Gozag
Hepliaklqana
Kikubaaqudgha
Makhleb
Nemelex Xobeh
Okawaru
Qazlal
Ru
Sif Muna
Trog
Uskayaw
Vehumet
Wu Jian
Xom
Yredelemnul
Zin
The Shining One

Shops:
D:10 [   D:11 *


Innate Abilities, Weirdness & Mutations

Your dull iron-grey scales are very hard. (AC +13)
You are amphibious.
You cannot fit into any form of body armour.
You are cold-blooded and may be slowed by cold attacks.
Your large and strong wings let you fly.
You are partially covered in large bone plates. (SH +4)
Your flesh is heat resistant. (rF+)
You are robust. (+10% HP)


Message History

Something kicks your wight but does no damage.
Something hits your wight!
Something kicks your wight but does no damage.
Something hits your wight.
Something kicks your wight but does no damage.
You swap places.
The centaur warrior wields a +0 longbow.
The centaur warrior shoots an arrow.
The arrow hits your wight!
Your wight is destroyed!
Your wight dissolves into shadows!
The centaur warrior shoots an arrow.
The arrow barely misses your wight. The arrow hits you!
* * * LOW HITPOINT WARNING * * *
The centaur warrior shoots an arrow.
The arrow hits your wight.
Your wight barely misses the centaur warrior.
The centaur warrior shoots an arrow.
The arrow closely misses your wight. The arrow hits you.
* * * LOW HITPOINT WARNING * * *
Your wight hits the centaur warrior but does no damage.
Your two-headed ogre closely misses the centaur warrior. x2
Something hits your wight!
Something kicks your wight but does no damage.
You feel better.
Your howler monkey barely misses the centaur warrior.
The centaur warrior wields a +0 longbow.
The centaur warrior shoots an arrow.
The arrow barely misses your wight. The arrow hits you.
* * * LOW HITPOINT WARNING * * *
Your wight hits the centaur warrior with a +2 dagger.
Something hits your wight.
Something kicks your wight but does no damage.
Okay, then.
Your wight dissolves into shadows!
The centaur warrior wields a +0 longbow.
The centaur warrior shoots an arrow.
The arrow hits you but does no damage.
Found a potion of curing.
The centaur warrior shoots an arrow.
The arrow completely misses you.
c - 4 potions of curing (gained 1)
You feel better.
The centaur warrior shoots an arrow.
The arrow hits you!
You die...

#.....>.# #.....♣♣~~♣~~~~
#.#####.####....♣♣~P~~♣PP≈ #.#
#...##..)♣~~~~~~P≈≈~ #.#
##.#.##...~♣~~~~~~~≈≈ #.#
#..#..#..(♣♣~~~~~~~~≈
#.####.###.###.#♣~♣÷~~~~≈≈ #
#...(()#.#.......♣♣~~~~~~~ ###
#.....##.##.......~~♣~~~~~ ..###
#.#..)#..@#..#.#..~~♣~♣~~~ ....#
#.#..##.#.##.......(.♣~♣♣~ ....#
##.#..#. #..#...#..#####..♣ #.###
#....######c##.....# #.#. ....#
#....#..#....#....## #.#.
....###.#.##....#####.### #...
..........#..####...#...### #..#
##.##...###c......#.###...####..#
##....####.###...###..###...##..#


You could see a centaur warrior.

Vanquished Creatures
  Fannar (D:9)
  A hydra (D:10)
  3 two-headed ogres
  Sonja (D:10)
  A manticore (D:6)
  Joseph (D:8)
  An unseen horror (D:11)
  An efreet (D:9)
  2 polar bears
  The ghost of xian the Shooter, an amateur TeHu (D:6)
  A centaur simulacrum (D:10)
  4 shadows
  19 yaks
  2 steam dragons
  3 wyverns
  Edmund (D:4)
  2 redbacks (D:7)
  4 water moccasins (D:7)
  4 ice beasts
  3 orc warriors
  A black bear (D:5)
  4 ogres
  9 centaurs
  A boggart (D:10)
  4 bullfrogs
  5 kobold brigands
  2 gnoll sergeants
  8 scorpions (D:7)
  5 wights (D:9)
  23 killer bees
  The ghost of BuzzyBeetle the Protected, a weakling GnWn (D:3)
  A howler monkey (D:9)
  7 electric eels
  5 hounds
  3 jellies
  11 orc priests
  2 gnoll boudas
  5 iguanas
  10 orc wizards
  16 gnolls
  14 adders
  2 shadow imps
  6 white imps
  4 ufetubi
  A worm (D:2)
  3 dart slugs
  46 orcs
  5 endoplasms
  3 giant cockroaches
  17 hobgoblins
  12 jackals
  6 quokkas
  9 ball pythons
  4 bats
  3 frilled lizards
  8 goblins
  25 kobolds
  3 rats
350 creatures vanquished.

Vanquished Creatures (collateral kills)
  A sky beast (D:7)
  An orc wizard (D:7)
2 creatures vanquished.

Vanquished Creatures (others)
  40 plants
40 creatures vanquished.

Grand Total: 392 creatures vanquished

Notes
Turn   | Place    | Note
-------+----------+-------------------------------------------
     0 | D:1      | hawla the Draconian Conjurer began the quest for the Orb.
     0 | D:1      | Reached XP level 1. HP: 14/14 MP: 3/3
   104 | D:1      | Found a faded altar of an unknown god.
   529 | D:1      | Reached XP level 2. HP: 18/20 MP: 3/5
   681 | D:1      | Learned a level 2 spell: Searing Ray
  1517 | D:2      | Reached XP level 3. HP: 13/26 MP: 0/6
  2688 | D:3      | Gained mutation: You have hidden genetic potential. [potion
                  | of mutation]
  2688 | D:3      | Gained mutation: Your large and strong wings let you fly.
                  | [potion of mutation]
  2688 | D:3      | Gained mutation: You are partially covered in large bone
                  | plates. (SH +4) [potion of mutation]
  2739 | D:3      | Reached XP level 4. HP: 33/33 MP: 1/7
  2744 | D:3      | Learned a level 4 spell: Iskenderun's Mystic Blast
  3017 | D:3      | Reached skill level 5 in Conjurations
  3723 | D:3      | Found a runed translucent gate.
  3862 | D:3      | Found a sparkling altar of Nemelex Xobeh.
  4304 | D:3      | Found a runed translucent gate.
  4306 | D:3      | Found a runed translucent gate.
  4306 | D:3      | Noticed BuzzyBeetle's ghost (weakling GnWn)
  4310 | D:3      | Noticed a kobold brigand
  4390 | D:4      | Reached skill level 1 in Translocations
  4390 | D:4      | Reached XP level 5. HP: 14/38 MP: 5/8
  4401 | D:4      | Gained mutation: You are robust. (+10% HP) [hidden
                  | potential]
  4910 | D:4      | Reached skill level 6 in Conjurations
  5127 | D:4      | Reached XP level 6. HP: 40/49 MP: 1/9
  5218 | D:4      | Noticed Edmund
  5599 | D:4      | Killed Edmund
  5600 | D:4      | Reached skill level 7 in Conjurations
  5603 | D:4      | Gained mutation: Your flesh is heat resistant. (rF+)
                  | [hidden potential]
  5603 | D:4      | Lost mutation: You have hidden genetic potential. [hidden
                  | potential expressed]
  6348 | D:4      | Your scales start taking on a dull iron-grey colour.
  6348 | D:4      | Reached XP level 7. HP: 54/55 MP: 1/10
  6498 | D:5      | Entered Level 5 of the Dungeon
  6872 | D:5      | Reached skill level 8 in Conjurations
  8007 | D:6      | Found a runed translucent gate.
  8007 | D:6      | Found a runed translucent gate.
  8007 | D:6      | Found a runed translucent gate.
  8009 | D:6      | Found an opulent altar of Gozag.
  8012 | D:6      | Noticed xian's ghost (amateur TeHu)
  8378 | D:6      | Reached skill level 9 in Conjurations
  8378 | D:6      | Reached XP level 8. HP: 54/62 MP: 3/11
  8614 | D:6      | Found a shadowy altar of Dithmenos.
  9070 | D:6      | Noticed a manticore
  9080 | D:6      | Killed a manticore
  9081 | D:6      | Reached skill level 10 in Conjurations
  9478 | D:7      | Found a runed translucent door.
  9571 | D:7      | Found a staircase to the Ecumenical Temple.
  9605 | D:7      | Reached skill level 11 in Conjurations
  9617 | D:7      | Reached XP level 9. HP: 32/69 MP: 0/13
  9643 | D:7      | HP: 3/69 [poisoned by a scorpion]
  9698 | Temple   | Entered the Ecumenical Temple
  9934 | Temple   | Became a worshipper of Vehumet
 10272 | D:7      | Found the +9 staff of Olgreb {rPois∞}
 10284 | D:7      | Found a runed translucent gate.
 10284 | D:7      | Found a runed translucent gate.
 10285 | D:7      | Found a runed translucent door.
 10402 | D:7      | Found a runed translucent gate.
 10530 | D:7      | Reached skill level 1 in Evocations
 11063 | D:7      | Found the +3 robe of Clouds {*Thunder rCloud rElec}
 11252 | D:7      | Found a glowing golden altar of the Shining One.
 11469 | D:3      | Learned a level 1 spell: Necrotise
 11473 | D:3      | Reached skill level 1 in Necromancy
 11481 | D:3      | Killed BuzzyBeetle's ghost
 12121 | D:7      | Reached skill level 1 in Fighting
 12121 | D:7      | Reached skill level 1 in Staves
 12138 | D:7      | Reached * piety under Vehumet
 12138 | D:7      | Offered knowledge of Sandblast by Vehumet.
 12687 | D:7      | Reached XP level 10. HP: 79/79 MP: 7/16
 12837 | D:6      | Killed xian's ghost
 13006 | D:8      | Noticed a two-headed ogre
 13016 | D:8      | Killed a two-headed ogre
 13146 | D:8      | Noticed Joseph
 13440 | D:8      | Found an ornate altar of the Wu Jian Council.
 13484 | D:8      | Found a basalt altar of Yredelemnul.
 13509 | D:8      | Reached skill level 5 in Spellcasting
 13715 | D:8      | Reached skill level 5 in Translocations
 13731 | D:8      | Reached skill level 12 in Conjurations
 13938 | D:8      | Killed Joseph
 14638 | D:9      | Reached ** piety under Vehumet
 14747 | D:9      | Offered knowledge of Freeze by Vehumet.
 14749 | D:9      | Reached skill level 5 in Dodging
 14943 | D:9      | Found an iron altar of Okawaru.
 14984 | D:9      | Reached skill level 5 in Staves
 15540 | D:9      | Found a snail-covered altar of Cheibriados.
 15729 | D:9      | Reached XP level 11. HP: 88/90 MP: 11/19
 16222 | D:10     | Entered Level 10 of the Dungeon
 16222 | D:10     | Noticed Fannar
 16896 | D:9      | Killed Fannar
 16897 | D:9      | Reached skill level 1 in Shields
 17486 | D:10     | Noticed Sonja
 17492 | D:10     | Offered knowledge of Scorch by Vehumet.
 17501 | D:10     | Killed Sonja
 17502 | D:10     | Reached skill level 1 in Throwing
 17857 | D:10     | Found Jicaupte's Armour Shoppe.
 17900 | D:11     | Found Uluank's General Store.
 17907 | D:11     | Noticed a two-headed ogre
 17919 | D:11     | Killed a two-headed ogre
 18186 | D:11     | Noticed a two-headed ogre
 18197 | D:11     | Killed a two-headed ogre
 18198 | D:11     | Reached skill level 5 in Fighting
 18291 | D:11     | Reached *** piety under Vehumet
 18916 | D:11     | Offered knowledge of Stone Arrow by Vehumet.
 18927 | D:11     | Found a staircase to the Orcish Mines.
 18960 | D:11     | Reached skill level 13 in Conjurations
 19041 | D:10     | Learned a level 3 spell: Stone Arrow
 19338 | D:10     | Found a runed translucent door.
 19338 | D:10     | Found a runed translucent door.
 19366 | D:10     | Reached **** piety under Vehumet
 19410 | D:10     | Offered knowledge of Iskenderun's Battlesphere by Vehumet.
 19865 | D:10     | Reached XP level 12. HP: 101/103 MP: 21/21
 20261 | D:8      | Found a shadowy altar of Dithmenos.
 20263 | D:8      | Found a shadowy altar of Dithmenos.
 20263 | D:8      | Found a snail-covered altar of Cheibriados.
 20265 | D:8      | Found an opulent altar of Gozag.
 20265 | D:8      | Found a radiant altar of Vehumet.
 20265 | D:8      | Found a shimmering altar of Xom.
 21372 | D:10     | Noticed a six-headed hydra
 21382 | D:10     | Killed a four-headed hydra
 21549 | D:10     | Noticed a yaktaur captain
 21550 | D:10     | Noticed a centaur warrior
 21570 | D:10     | HP: 2/103 [centaur warrior/arrow (5)]
 21584 | D:10     | Shot with an arrow by a centaur warrior

Illustrated notes

Levels and vault maps discovered:
D:1:      dpeg_arrival_simpleton_a, layout_loops_cross,
          ebering_ecumenical_altar_box
D:2:      layout_loops_corners
D:3:      layout_loops_corners, nemelex_dance_club_becter,
          gammafunk_ghost_nasty_kobolds, minmay_pentangle
D:4:      layout_cave_pods, uniq_edmund
D:5:      layout_loops_ring, hex_tiny
D:6:      layout_basic, lemuel_doored_altar, ebering_ghost_gozag,
          minmay_three_doors
D:7:      statuecave_lemuel, layout_basic, tso_oasis_becter,
          minmay_temple_entry_ruins, minmay_guarded_unrand_staff_of_olgreb
D:8:      kennysheep_housing_project, layout_basic,
          mainiacjoe_overflow_brackets, doesnt_xom_only_xom,
          kennysheep_mini_moat, st_stairs_13, minmay_misc_feat_cross,
          uniq_joseph
D:9:      layout_gridville, kennysheep_slug_shrine, mainiacjoe_overflow_24_doors
D:10:     minmay_the_grid_four_pointed_star_mashed
          [minmay_the_grid_triangle_9x9_intruding_spiral,
          minmay_the_grid_triangle_9x9_corrupted_corridor,
          minmay_the_grid_triangle_9x9_tough_junction,
          minmay_the_grid_triangle_9x9_minimal,
          minmay_the_grid_prize_diamond_cup], layout_loops_cross, serial_ice,
          serial_ice_n, serial_ice_j, serial_ice_g, serial_ice_f, serial_ice_c,
          serial_shops, nicolae_shop_trees, serial_bayou_lake_a, uniq_fannar,
          uniq_sonja
D:11:     layout_long_grid, erik_lair_dragon, hiddenorc2_lemuel, serial_shops,
          nicolae_diamond_shop
D:12:     layout_roguey, uniq_lodul
Temple:   jpeg_temple_clearing

Skill      XL: |  1  2  3  4  5  6  7  8  9 10 11 12 |
---------------+-------------------------------------+-----
Stealth        | 2 3 4 |  4.4
Dodging        | 2 4 5 6 |  6.4
Conjurations   | 5 6 7 9 11 12 13 | 13.1
Translocations | 1 2 3 4 5 6 |  6.0
Spellcasting   | 4 5 6 |  6.5
Evocations     | 1 2 |  2.0
Necromancy     | 2 |  2.5
Fighting       | 1 3 5 |  5.4
Staves         | 2 5 6 |  6.2
Shields        | 3 |  3.2
Throwing       | 1 |  1.5

Action                   |  1- 3 |  4- 6 |  7- 9 | 10-12 || total
-------------------------+-------+-------+-------+-------++-------
Melee: Unarmed           |    51 |   118 |   113 |       ||   282
       Tailslap          |     4 |    12 |    24 |    44 ||    84
       Punch             |       |     1 |     2 |     1 ||     4
       Quarterstaff      |       |       |    44 |    11 ||    55
       Staff             |       |       |       |   298 ||   298
       Scimitar          |       |       |       |     3 ||     3
Throw: Dart              |       |       |     6 |    15 ||    21
       Javelin           |       |       |     1 |       ||     1
 Cast: Magic Dart        |    25 |    20 |    56 |    16 ||   117
       Searing Ray       |    22 |    39 |    45 |    33 ||   139
       Iskenderun's Myst |       |     3 |    26 |    94 ||   123
       Necrotise         |       |       |     5 |     3 ||     8
       Stone Arrow       |       |       |       |     1 ||     1
 Abil: Evoke the Staff o |       |       |       |     2 ||     2
Evoke: Wand              |       |     2 |     5 |     4 ||    11
  Use: Scroll            |     3 |     5 |    10 |    15 ||    33
       Potion            |     2 |     6 |     4 |     7 ||    19
 Stab: Sleeping          |     3 |       |       |     2 ||     5
       Distracted        |       |       |     1 |       ||     1
Armor: Skin              |    28 |    56 |   112 |   193 ||   389
Dodge: Dodged            |    46 |    74 |   190 |   276 ||   586
Block: Other             |       |    19 |    61 |    37 ||   117
       Buckler           |       |       |       |   102 ||   102
